SAAA
PAWNEE PARKSNREC @ VERMONT LAKE MONSTERS
07/19/2037
 
TOP OF THE 1ST
Pawnee ParksNRec batting - Pitching for Vermont Lake Monsters : LHP Santiago Pérez
Pitching: LHP Santiago Pérez
Batting: RHB Sherman N'Dir 0-0: Ball
1-0: Foul Ball, location: 2F
1-1: Ball
2-1: DOUBLE (Groundball, 5L, EV 102.5 MPH)
Batting: RHB Alan Patterson 0-0: Called Strike
0-1: Ball
1-1: Ball
2-1: Ground out U3 (Groundball, 34, EV 89.4 MPH)
Sherman N'Dir to third
Batting: RHB Josh Mawdesley Balk!
Sherman N'Dir scores
0-0: Swinging Strike
0-1: Ground out 6-3 (Groundball, 6, EV 91.9 MPH)
Batting: RHB Xi-ku See-to 0-0: Foul Ball, location: 2F
0-1: DOUBLE (Flyball, 8RXD, EV 85.6 MPH)
Batting: LHB Stanley Belote 0-0: Called Strike
0-1: Ball
1-1: Ball
2-1: Called Strike
2-2: Ground out 4-3 (Groundball, 4, EV 88.8 MPH)
Top of the 1st over - 1 run, 2 hits, 0 errors, 1 left on base; Pawnee 1 - Vermont 0
BOTTOM OF THE 1ST
Vermont Lake Monsters batting - Pitching for Pawnee ParksNRec : RHP Victor Heuvelink
Pitching: RHP Victor Heuvelink
Batting: RHB Gabe Cain 0-0: Called Strike
0-1: Ball
1-1: Foul Ball, location: 2F
1-2: Fly out, F8 (Flyball, 8LD, EV 87.5 MPH)
Batting: RHB Tim O'Brian 0-0: Called Strike
0-1: Foul Ball, location: 2F
0-2: Foul Ball, location: 2F
0-2: Ball
1-2: SINGLE (Groundball, 6D, EV 104.4 MPH)
Batting: RHB Hsi-men King 0-0: Called Strike
Tim O'Brian steals 2nd, throwing error, E2
Tim O'Brian to third
0-1: Ball
1-1: Ball
2-1: Foul Ball, location: 2F
2-2: Strikes out looking
Batting: RHB Marcel Roks 0-0: Ball
1-0: Ball
2-0: Ball
3-0: Called Strike
3-1: SINGLE (Flyball, 9LM, EV 88.1 MPH)
Tim O'Brian scores
Batting: RHB Naganori Takahashi 0-0: Swinging Strike
0-1: Ball
1-1: Ball
2-1: Foul Ball, location: 2F
2-2: Fly out, F6 (Line Drive, 6, EV 63.8 MPH)
Bottom of the 1st over - 1 run, 2 hits, 1 error, 1 left on base; Pawnee 1 - Vermont 1
TOP OF THE 2ND
Pawnee ParksNRec batting - Pitching for Vermont Lake Monsters : LHP Santiago Pérez
Batting: RHB Charles Atkinson 0-0: Ball
1-0: Ball
2-0: Called Strike
2-1: Foul Ball, location: 2F
2-2: Foul Ball, location: 2F
2-2: Ball
3-2: Base on Balls
Batting: RHB Fletcher Megarity 0-0: Called Strike
0-1: Swinging Strike
0-2: Foul Ball, location: 2F
0-2: Strikes out swinging
Batting: RHB Stan Wheeler 0-0: Foul Ball, location: 2F
0-1: Foul Ball, location: 2F
0-2: Foul Ball, location: 2F
0-2: Ball
1-2: Ball
2-2: Ball
3-2: Grounds into double play, 4-6-3 (Groundball, 4, EV 85.0 MPH)
Top of the 2nd over - 0 runs, 0 hits, 0 errors, 0 left on base; Pawnee 1 - Vermont 1
BOTTOM OF THE 2ND
Vermont Lake Monsters batting - Pitching for Pawnee ParksNRec : RHP Victor Heuvelink
Batting: RHB Cedric Terriquez 0-0: Called Strike
0-1: Ball
1-1: Swinging Strike
1-2: Strikes out swinging
Batting: RHB Rusty Fox 0-0: Called Strike
0-1: Ball
1-1: Ball
2-1: Foul Ball, location: 2F
2-2: Foul Ball, location: 2F
2-2: Ground out 4-3 (Groundball, 4, EV 88.1 MPH)
Batting: LHB Tullu Amaad 0-0: Called Strike
0-1: Ball
1-1: Called Strike
1-2: Ground out 6-3 (Groundball, 6, EV 83.1 MPH)
Bottom of the 2nd over - 0 runs, 0 hits, 0 errors, 0 left on base; Pawnee 1 - Vermont 1
TOP OF THE 3RD
Pawnee ParksNRec batting - Pitching for Vermont Lake Monsters : LHP Santiago Pérez
Batting: RHB Alejandro Carrillo 0-0: Ball
1-0: SOLO HOME RUN (Flyball, 7D, EV 97.5 MPH), Distance : 372 ft
Batting: RHB Sherman N'Dir 0-0: Ball
1-0: Swinging Strike
1-1: Ball
2-1: Foul Ball, location: 2F
2-2: Foul Ball, location: 2F
2-2: Ball
3-2: Base on Balls
Batting: RHB Alan Patterson 0-0: Called Strike
0-1: Fielders Choice at 2nd, 6-4 (Groundball, 6, EV 95.6 MPH)
Batting: RHB Josh Mawdesley 0-0: Ball
1-0: Ball
2-0: Called Strike
2-1: Foul Ball, location: 2F
2-2: Foul Ball, location: 2F
2-2: Foul Ball, location: 2F
2-2: SINGLE (Line Drive, 34D, EV 94.4 MPH)
Alan Patterson to second
Batting: RHB Xi-ku See-to 0-0: Ball
1-0: Called Strike
1-1: Ball
2-1: Ball
3-1: Base on Balls
Alan Patterson to third
Josh Mawdesley to second
Batting: LHB Stanley Belote 0-0: Foul Ball, location: 2F
0-1: Ball
1-1: Fly out, F9 (Line Drive, 9, EV 90.0 MPH)
Runner from 3rd tags up, SCORES, throw by RF
Batting: RHB Charles Atkinson 0-0: Ball
1-0: Ball
2-0: Foul Ball, location: 2F
2-1: Ball
3-1: Fly out, F7 (Flyball, 78D, EV 93.8 MPH)
Top of the 3rd over - 2 runs, 2 hits, 0 errors, 2 left on base; Pawnee 3 - Vermont 1
BOTTOM OF THE 3RD
Vermont Lake Monsters batting - Pitching for Pawnee ParksNRec : RHP Victor Heuvelink
Batting: RHB Min-tae Yi 0-0: Foul Ball, location: 2F
0-1: Ball
1-1: Ball
2-1: Foul Ball, location: 2F
2-2: Strikes out looking
Batting: RHB Gabe Cain 0-0: Fly out, F9 (Flyball, 9S, EV 79.4 MPH)
Batting: RHB Tim O'Brian 0-0: Called Strike
0-1: Ground out 5-3 (Groundball, 56S, EV 69.4 MPH)
Bottom of the 3rd over - 0 runs, 0 hits, 0 errors, 0 left on base; Pawnee 3 - Vermont 1
TOP OF THE 4TH
Pawnee ParksNRec batting - Pitching for Vermont Lake Monsters : LHP Santiago Pérez
Batting: RHB Fletcher Megarity 0-0: Foul Ball, location: 2F
0-1: Ground out 6-3 (Groundball, 6S, EV 81.9 MPH)
Batting: RHB Stan Wheeler 0-0: Ball
1-0: Called Strike
1-1: Ball
2-1: Foul Ball, location: 2F
2-2: Foul Ball, location: 2F
2-2: Ball
3-2: Foul Ball, location: 2F
3-2: Foul Ball, location: 2F
3-2: Ground out 4-3 (Groundball, 4, EV 82.5 MPH)
Batting: RHB Alejandro Carrillo 0-0: Ball
1-0: Called Strike
1-1: Swinging Strike
1-2: Ball
2-2: Foul Ball, location: 2F
2-2: Ball
3-2: Fly out, F9 (Flyball, 9LDF, EV 103.1 MPH)
Top of the 4th over - 0 runs, 0 hits, 0 errors, 0 left on base; Pawnee 3 - Vermont 1
BOTTOM OF THE 4TH
Vermont Lake Monsters batting - Pitching for Pawnee ParksNRec : RHP Victor Heuvelink
Batting: RHB Hsi-men King 0-0: Ball
1-0: Ball
2-0: Ball
3-0: Called Strike
3-1: Base on Balls
Batting: RHB Marcel Roks 0-0: Ball
1-0: Called Strike
1-1: Called Strike
1-2: Ball
Wild Pitch!
Hsi-men King to second
2-2: SINGLE (Line Drive, 8RS, EV 89.4 MPH)
Hsi-men King to third
Batting: RHB Naganori Takahashi 0-0: Ball
1-0: Called Strike
1-1: Ball
2-1: Ball
3-1: Foul Ball, location: 2F
3-2: Base on Balls
Marcel Roks to second
Batting: RHB Cedric Terriquez 0-0: Ball
1-0: Swinging Strike
1-1: Foul Ball, location: 2F
1-2: Foul Ball, location: 2F
1-2: Ball
2-2: Strikes out looking
Batting: RHB Rusty Fox 0-0: Ball
1-0: SINGLE (Line Drive, 56, EV 104.4 MPH)
Hsi-men King scores
Marcel Roks to third
Naganori Takahashi to second
Batting: LHB Tullu Amaad 0-0: Called Strike
0-1: Called Strike
0-2: Ball
1-2: Ball
2-2: Ball
3-2: Fly out, F9 (Flyball, 9, EV 81.2 MPH)
Runner from 3rd tags up, SCORES, throw by RF
Batting: RHB Min-tae Yi 0-0: Foul Ball, location: 2F
0-1: Fly out, F7 (Flyball, 7, EV 86.9 MPH)
Bottom of the 4th over - 2 runs, 2 hits, 0 errors, 2 left on base; Pawnee 3 - Vermont 3
TOP OF THE 5TH
Pawnee ParksNRec batting - Pitching for Vermont Lake Monsters : LHP Santiago Pérez
Batting: RHB Sherman N'Dir 0-0: Foul Ball, location: 2F
0-1: Foul Ball, location: 2F
0-2: Ball
1-2: Ball
2-2: Foul Ball, location: 2F
2-2: Ground out 6-3 (Groundball, 6, EV 103.1 MPH)
Batting: RHB Alan Patterson 0-0: Ball
1-0: Foul Ball, location: 2F
1-1: Foul Ball, location: 2F
1-2: Fly out, F8 (Flyball, 8LM, EV 91.2 MPH)
Batting: RHB Josh Mawdesley 0-0: Called Strike
0-1: Ground out 6-3 (Groundball, 6S, EV 85.0 MPH)
Top of the 5th over - 0 runs, 0 hits, 0 errors, 0 left on base; Pawnee 3 - Vermont 3
BOTTOM OF THE 5TH
Vermont Lake Monsters batting - Pitching for Pawnee ParksNRec : RHP Victor Heuvelink
Batting: RHB Gabe Cain 0-0: Ball
1-0: Called Strike
1-1: Ground out 6-3 (Groundball, 6M, EV 106.9 MPH)
Batting: RHB Tim O'Brian 0-0: Fly out, F2 (Popup, 25F, EV 82.5 MPH)
Batting: RHB Hsi-men King 0-0: Ball
1-0: Ball
2-0: Ball
3-0: Called Strike
3-1: Ground out 4-3 (Groundball, 4MD, EV 103.8 MPH)
Bottom of the 5th over - 0 runs, 0 hits, 0 errors, 0 left on base; Pawnee 3 - Vermont 3
TOP OF THE 6TH
Pawnee ParksNRec batting - Pitching for Vermont Lake Monsters : LHP Santiago Pérez
Batting: RHB Xi-ku See-to 0-0: SINGLE (Line Drive, 8RS, EV 90.0 MPH)
Pitching: RHP Marnix van Rijn
Batting: LHB Stanley Belote 0-0: Ball
Wild Pitch!
Xi-ku See-to to second
1-0: Foul Ball, location: 2F
1-1: Ball
2-1: Fly out, F8 (Flyball, 8LS, EV 90.6 MPH)
Batting: RHB Charles Atkinson 0-0: Ball
1-0: Ball
2-0: Fly out, F9 (Line Drive, 9, EV 87.5 MPH)
Batting: RHB Fletcher Megarity 0-0: Ground out 4-3 (Groundball, 4, EV 81.9 MPH)
Top of the 6th over - 0 runs, 1 hit, 0 errors, 1 left on base; Pawnee 3 - Vermont 3
BOTTOM OF THE 6TH
Vermont Lake Monsters batting - Pitching for Pawnee ParksNRec : RHP Victor Heuvelink
Batting: RHB Marcel Roks 0-0: Called Strike
0-1: Fly out, F9 (Flyball, 89D, EV 91.9 MPH)
Batting: RHB Naganori Takahashi 0-0: Called Strike
0-1: Ball
1-1: Foul Ball, location: 2F
1-2: Fly out, F9 (Flyball, 9D, EV 101.2 MPH)
Batting: RHB Cedric Terriquez 0-0: Ball
1-0: Ball
2-0: Called Strike
2-1: Called Strike
2-2: Strikes out swinging
Bottom of the 6th over - 0 runs, 0 hits, 0 errors, 0 left on base; Pawnee 3 - Vermont 3
TOP OF THE 7TH
Pawnee ParksNRec batting - Pitching for Vermont Lake Monsters : RHP Marnix van Rijn
Batting: RHB Stan Wheeler 0-0: Ball
1-0: Ball
2-0: Ball
3-0: Called Strike
3-1: Called Strike
3-2: Strikes out swinging
Batting: RHB Alejandro Carrillo 0-0: Called Strike
0-1: Ball
1-1: Ground out 6-3 (Groundball, 6, EV 90.6 MPH)
Batting: RHB Sherman N'Dir 0-0: Ball
1-0: SINGLE (Line Drive, 8LS, EV 103.8 MPH)
Batting: RHB Alan Patterson 0-0: Ball
1-0: Foul Ball, location: 2F
1-1: Ball
2-1: Called Strike
2-2: Ball
3-2: SINGLE (Line Drive, 8RS, EV 90.6 MPH)
Sherman N'Dir to second
Sherman N'Dir to third
Batting: RHB Josh Mawdesley 0-0: Ball
1-0: Ball
2-0: Foul Ball, location: 2F
2-1: Foul Ball, location: 2F
2-2: Foul Ball, location: 2F
2-2: Foul Ball, location: 2F
2-2: Foul Ball, location: 2F
2-2: Foul Ball, location: 2F
2-2: Strikes out looking
Top of the 7th over - 0 runs, 2 hits, 0 errors, 2 left on base; Pawnee 3 - Vermont 3
BOTTOM OF THE 7TH
Vermont Lake Monsters batting - Pitching for Pawnee ParksNRec : RHP Victor Heuvelink
Batting: RHB Rusty Fox 0-0: Fly out, F7 (Line Drive, 7D, EV 99.4 MPH)
Batting: LHB Tullu Amaad 0-0: Ball
1-0: Swinging Strike
1-1: Foul Ball, location: 2F
1-2: SINGLE (Groundball, 3D, EV 98.1 MPH)
Pitching: RHP Milton Mathews
Batting: RHB Min-tae Yi 0-0: Called Strike
0-1: Ball
1-1: Ball
2-1: Fielders Choice at 2nd, 4-6 (Groundball, 4, EV 87.5 MPH)
Batting: RHB Gabe Cain 0-0: Ball
1-0: Called Strike
Min-tae Yi is caught stealing 2nd base 2-4
Bottom of the 7th over - 0 runs, 1 hit, 0 errors, 0 left on base; Pawnee 3 - Vermont 3
TOP OF THE 8TH
Pawnee ParksNRec batting - Pitching for Vermont Lake Monsters : RHP Marnix van Rijn
Batting: RHB Xi-ku See-to 0-0: Ball
1-0: Ground out 1-3 (Groundball, 13S, EV 66.9 MPH)
Batting: LHB Stanley Belote 0-0: Ball
1-0: Ball
2-0: Ball
3-0: Base on Balls
Batting: RHB Charles Atkinson 0-0: Ball
1-0: Fielders Choice at 2nd, 6-4 (Groundball, 6, EV 103.1 MPH)
Batting: RHB Fletcher Megarity 0-0: Ball
1-0: Ball
2-0: Called Strike
2-1: Ball
3-1: Called Strike
3-2: Foul Ball, location: 2F
3-2: Strikes out swinging
Top of the 8th over - 0 runs, 0 hits, 0 errors, 1 left on base; Pawnee 3 - Vermont 3
BOTTOM OF THE 8TH
Vermont Lake Monsters batting - Pitching for Pawnee ParksNRec : RHP Milton Mathews
Batting: RHB Gabe Cain 0-0: Ball
1-0: Swinging Strike
1-1: Fly out, F6 (Popup, 6M, EV 73.1 MPH)
Batting: RHB Tim O'Brian 0-0: SOLO HOME RUN (Flyball, 89XD, EV 101.2 MPH), Distance : 423 ft
Batting: RHB Hsi-men King 0-0: Called Strike
0-1: SINGLE (Flyball, 89S, EV 92.5 MPH)
Batting: RHB Marcel Roks 0-0: SINGLE (Groundball, 4MD, EV 93.8 MPH)
Hsi-men King to second
Runner from 2nd tries for 3rd, SAFE, no throw by CF
Batting: RHB Naganori Takahashi 0-0: Called Strike
0-1: Ball
1-1: Called Strike
1-2: Ball
2-2: SINGLE (Groundball, 56, EV 98.1 MPH) (infield hit)
Hsi-men King scores
Marcel Roks to second
Batting: RHB Cedric Terriquez 0-0: Foul Ball, location: 2F
0-1: Foul Ball, location: 2F
0-2: Ball
1-2: SINGLE (Line Drive, 4D, EV 94.4 MPH)
Marcel Roks to third
Naganori Takahashi to second
Batting: RHB Rusty Fox 0-0: Grounds into double play, 3-2-3 (Groundball, 34S, EV 85.6 MPH)
Bottom of the 8th over - 2 runs, 5 hits, 0 errors, 2 left on base; Pawnee 3 - Vermont 5
TOP OF THE 9TH
Pawnee ParksNRec batting - Pitching for Vermont Lake Monsters : RHP Marnix van Rijn
Pitching: RHP René Fontaine
Batting: RHB Stan Wheeler 0-0: Ball
1-0: Ball
2-0: Ball
3-0: Foul Ball, location: 2F
3-1: Base on Balls
Batting: RHB Alejandro Carrillo 0-0: Ball
1-0: Foul Ball, location: 2F
1-1: Swinging Strike
1-2: Strikes out swinging
Batting: RHB Sherman N'Dir 0-0: Ball
1-0: Ball
2-0: Foul Ball, location: 2F
2-1: SINGLE (Flyball, 34D, EV 88.8 MPH)
Stan Wheeler to second
Batting: RHB Alan Patterson 0-0: Called Strike
0-1: Swinging Strike
0-2: Fly out, F9 (Line Drive, 9, EV 91.9 MPH)
Batting: RHB Josh Mawdesley 0-0: Ball
1-0: Foul Ball, location: 2F
1-1: Called Strike
1-2: Ball
2-2: Fly out, F7 (Flyball, 7LM, EV 81.2 MPH)
Top of the 9th over - 0 runs, 1 hit, 0 errors, 2 left on base; Pawnee 3 - Vermont 5
Thursday, January 23rd, 2020 - OOTP Baseball 20.8 Build 74